 Dungeon Crawl Stone Soup version 0.29.1-14-g9c671dbff4 (webtiles) character file.

Game seed: 9246268948166527837

100 devnull the Chopper (level 5, -6/39 HPs)
             Began as a Human Warper on Feb 19, 2023.
             Killed from afar by Ijyb (17 damage)
             ... with a bolt of acid
             ... on level 3 of the Dungeon.
             The game lasted 00:06:46 (2964 turns).

devnull the Chopper (Human Warper)                  Turns: 2964, Time: 00:06:47

Health: -6/39      AC:  5    Str: 14    XL:     5   Next: 3%
Magic:  8/8        EV: 11    Int: 13    God:
Gold:   90         SH:  0    Dex: 12    Spells: 8/8 levels left

rFire   . . .      SeeInvis .   b - +2 sling (vorpal)
rCold   . . .      Faith    .   (no shield)
rNeg    . . .      Spirit   .   j - +0 ring mail
rPois   .          Reflect  .   (no helmet)
rElec   .          Harm     .   (no cloak)
rCorr   .          Rampage  .   (no gloves)
Will    .....                   (no boots)
Stlth   +.........              (no amulet)
HPRegen 0.13/turn               (no ring)
MPRegen 0.11/turn               (no ring)

@: no status effects
A: no striking features
a: no special abilities


You were on level 3 of the Dungeon.
You visited 1 branch of the dungeon, and saw 3 of its levels.

You collected 90 gold pieces.

Inventory:

Hand Weapons
 a - a +0 hand axe
 b - a +2 vorpal sling (weapon)
Missiles
 d - 6 boomerangs of dispersal
Armour
 i - a +0 leather armour
 j - a +0 ring mail (worn)
 l - a +0 plate armour
Scrolls
 c - 2 scrolls of blinking
 e - a scroll of poison
 f - a scroll of enchant weapon
 h - a scroll of teleportation
 k - a scroll of torment
Potions
 g - 2 potions of curing {unknown}


   Skills:
 - Level 2.4 Fighting
 + Level 4.1 Axes
 - Level 1.2 Throwing
 - Level 1.1 Armour
 - Level 2.1 Dodging
 - Level 2.1 Spellcasting
 - Level 3.1 Translocations


You had 8 spell levels left.
You didn't know any spells.
Your spell library contained the following spells:

 Spells                   Type           Power      Damage    Failure   Level
 Blink                    Tloc           18%        N/A       22%         2
 Gell's Gravitas          Tloc           9%         N/A       38%         3
 Lesser Beckoning         Tloc           9%         N/A       38%         3
 Teleport Other           Tloc           9%         N/A       38%         3
 Foxfire                  Conj/Fire      4%         2x1d4     45%         1
 Conjure Flame            Conj/Fire      1%         6-21      83%         3
 Manifold Assault         Tloc           9%         N/A       98%         5
 Fireball                 Conj/Fire      0%         3d3       100%        5
 Ignition                 Fire           0%         3d3       100%        8


Dungeon Overview and Level Annotations

Branches:
Dungeon (3/15)

Altars:
Fedhas

Shops:
D:1 (

Annotations:
D:3 Ijyb


Message History

You hit Ijyb but do no damage.
Ijyb is severely wounded.
Ijyb hits you with a +0 club!
You aren't carrying any items that you can evoke.
Unknown command.
Unknown command.
Okay, then.
Unknown command.
Unknown command.
Throw: 7 boomerangs (disperse)
Press: ? - help, Q - select action Shift-Dir - straight line, f/p - Ijyb
Aim: Ijyb, wielding a +0 club, wearing a +0 ring mail and carrying a wand of acid (12) (severely wounded, 53% to hit)
You throw a boomerang of dispersal. The boomerang of dispersal hits Ijyb.
Ijyb blinks!
Ijyb is almost dead.
b - a +2 vorpal sling (weapon)
Ijyb zaps a wand.
The bolt of acid hits you!
* * * LOW HITPOINT WARNING * * *
You are too injured to fight recklessly!
Fire: b) +2 sling (vorpal)
Press: ? - help, Q - select action, (/) - cycle Shift-Dir - straight line, f/p - Ijyb
Aim: Ijyb, wielding a +0 club, wearing a +0 ring mail and carrying a wand of acid (11) (almost dead, 53% to hit)
You shoot a sling bullet. The sling bullet closely misses Ijyb.
Fire: b) +2 sling (vorpal)
Press: ? - help, Q - select action, (/) - cycle Shift-Dir - straight line, f/p - Ijyb
Aim: Ijyb, wielding a +0 club, wearing a +0 ring mail and carrying a wand of acid (11) (almost dead, 53% to hit)
You shoot a sling bullet.
The sling bullet hits Ijyb but does no damage.
Ijyb is almost dead.
Fire: b) +2 sling (vorpal)
Press: ? - help, Q - select action, (/) - cycle Shift-Dir - straight line, f/p - Ijyb
Aim: Ijyb, wielding a +0 club, wearing a +0 ring mail and carrying a wand of acid (11) (almost dead, 53% to hit)
You shoot a sling bullet. The sling bullet closely misses Ijyb.
Fire: b) +2 sling (vorpal)
Press: ? - help, Q - select action, (/) - cycle Shift-Dir - straight line, f/p - Ijyb
Aim: Ijyb, wielding a +0 club, wearing a +0 ring mail and carrying a wand of acid (11) (almost dead, 53% to hit)
You shoot a sling bullet. The sling bullet barely misses Ijyb.
You are no longer corroded.
Ijyb zaps a wand.
The bolt of acid hits you!
You die...

.....#.†...#...........#..#
###..÷÷###.............#..#
.....................#....#
..........##............#.#
..........##.........#..#...
..........##............>###.
..........##.........###.#
..........######.....###.#
..........# #@g.......#
......<...# #.#.......#
..........# ####.#$.......
..........# #.g...........
###....S#####.##...$......
#.......#........##..>...
#.......g.....##....###..
#........g............. .
##........######....###


You could see Ijyb.

Vanquished Creatures
  3 adders
  A dart slug (D:1)
  An orc (D:3)
  6 bats
  8 endoplasms
  5 giant cockroaches
  3 goblins
  8 hobgoblins
  6 jackals
  3 quokkas
  9 ball pythons
  3 frilled lizards
  5 kobolds
  5 rats
66 creatures vanquished.

Notes
Turn   | Place    | Note
-------+----------+-------------------------------------------
     0 | D:1      | devnull the Human Warper began the quest for the Orb.
     0 | D:1      | Reached XP level 1. HP: 16/16 MP: 3/3
   171 | D:1      | Reached XP level 2. HP: 14/22 MP: 5/5
   340 | D:1      | Found Zaun's Weapon Emporium.
   552 | D:1      | Reached XP level 3. HP: 25/28 MP: 6/6
   595 | D:1      | Found a faded altar of an unknown god.
  1306 | D:2      | Got the Commentary on the Blaze
  1439 | D:2      | Reached skill level 3 in Axes
  1439 | D:2      | Reached XP level 4. HP: 5/34 MP: 7/7
  1442 | D:2      | HP: 1/34 [poisoned by an adder]
  2208 | D:2      | Found a blossoming altar of Fedhas.
  2700 | D:3      | Noticed Ijyb
  2857 | D:3      | Reached skill level 4 in Axes
  2928 | D:3      | Reached XP level 5. HP: 39/39 MP: 8/8
  2964 | D:3      | Killed from afar by Ijyb

Illustrated notes

Levels and vault maps discovered:
D:1:      nzn_arrival_settlement, layout_rooms, ebering_ecumenical_altar_rust,
          serial_shops, nicolae_shop_behind_doors, st_stairs_1
D:2:      layout_basic, basic_altar
D:3:      layout_rooms, uniq_ijyb

Skill      XL: |  1  2  3  4 |
---------------+-------------+-----
Axes           | 3 4 |  4.1
Fighting       | |  2.4
Throwing       | |  1.2
Armour         | |  1.1
Dodging        | |  2.1
Spellcasting   | |  2.1
Translocations | |  3.1

Action                   |  1- 3 |  4- 6 || total
-------------------------+-------+-------++-------
Melee: Hand axe          |    86 |    69 ||   155
 Fire: Sling             |     8 |    36 ||    44
Throw: Boomerang         |       |     1 ||     1
  Use: Scroll            |     4 |     2 ||     6
Armor: Leather armour    |    43 |     4 ||    47
       Ring mail         |       |    18 ||    18
Dodge: Dodged            |    83 |    68 ||   151
